 Dungeon Crawl Stone Soup version 0.21.1-1-g345015f (webtiles) character file.

7955 aMcNicky the Geomancer (level 11, -6/64 HPs)
             Began as a Gargoyle Earth Elementalist on Mar 19, 2018.
             Was a Believer of Vehumet.
             Killed by divine providence
             ... invoked by a smoke demon
              (12 damage)
             ... on level 1 of the Abyss on Mar 20, 2018.
             The game lasted 01:06:41 (12062 turns).

aMcNicky the Geomancer (GrEE)                      Turns: 12062, Time: 01:06:42

Health: -6/64      AC: 17    Str: 12    XL:     11   Next: 23%
Magic:  20/20      EV: 17    Int: 23    God:    Vehumet [**....]
Gold:   601        SH:  6    Dex: 15    Spells: 6/23 levels left

rFire    . . .     SeeInvis .   m - staff of wizardry
rCold    . . .     Gourm    .   g - +1 buckler
rNeg     + + .     Faith    .   c - +0 robe
rPois    ∞         Spirit   .   M - +2 helmet
rElec    +         Reflect  .   a - +0 cloak
rCorr    .         Harm     .   E - +1 pair of gloves
MR       .....                  (no boots)
Stlth    +++.......             (no amulet)
HPRegen  0.20/turn              i - +4 ring of intelligence
MPRegen  0.17/turn              x - ring of positive energy

@: agile, constricted
A: negative energy resistance 1, electricity resistance, unbreathing,
petrification resistance, rot immunity, AC +8
a: Renounce Religion


You were on level 1 of the Abyss.
You worshipped Vehumet.
Vehumet was pleased with you.
You were hungry.

You visited 2 branches of the dungeon, and saw 11 of its levels.
You visited the Abyss 1 time.

You collected 601 gold pieces.

Inventory:

Hand Weapons
 b - a +0 quarterstaff
 y - a +1 whip of electrocution
Missiles
 z - 120 stones (quivered)
Armour
 a - a +0 cloak (worn)
 c - a +0 robe (worn)
 g - a +1 buckler (worn)
 E - a +1 pair of gloves (worn)
 M - a +2 helmet (worn)
Magical Staves
 m - an uncursed staff of wizardry (weapon)
Jewellery
 i - a +4 ring of intelligence (left hand)
 w - the amulet "Gapunegh" {RegenMP rC- rN++ SInv Stlth+}
   (You took it off an orc on level 4 of the Dungeon)

   [amulet of magic regeneration]

   It increases your magic regeneration.
   It makes you vulnerable to cold.
   It greatly protects you from negative energy.
   It lets you see invisible.
   It makes you more stealthy.
 x - a ring of positive energy (right hand)
 A - a +3 ring of slaying
 G - an uncursed ring of protection from fire
 H - an uncursed ring of protection from fire
Wands
 u - a wand of iceblast (10)
 v - a wand of digging (16)
Scrolls
 k - a scroll of enchant weapon {unknown}
 n - a scroll of amnesia
 r - a scroll of magic mapping {unknown}
 s - 2 scrolls of enchant armour
 C - a scroll of immolation
 D - 5 scrolls of remove curse {@r2}
 J - a scroll of fog {unknown}
 K - a scroll of silence {unknown}
Potions
 f - 5 potions of curing {@q1}
 h - a potion of agility
 j - a potion of cancellation {unknown}
 p - a potion of degeneration {unknown}
 t - 2 potions of ambrosia
 I - a potion of brilliance {unknown}
 L - a potion of mutation {unknown}
 O - a potion of haste {unknown}
Books
 e - a book of Geomancy

   Spells                             Type                      Level
   a - Sandblast                      Earth                        1
   b - Passwall                       Transmutation/Earth          2
   c - Stone Arrow                    Conjuration/Earth            3
   d - Petrify                        Transmutation/Earth          4
   e - Lee's Rapid Deconstruction     Earth                        5
 B - a book of Power

   Spells                             Type                      Level
   a - Iskenderun's Battlesphere      Conjuration/Charms           5
   b - Venom Bolt                     Conjuration/Poison           5
   c - Bolt of Magma                  Conjuration/Fire/Earth       5
   d - Iron Shot                      Conjuration/Earth            6
   e - Orb of Destruction             Conjuration                  7
   f - Spellforged Servitor           Conjuration/Summoning        7
Comestibles
 d - 16 rations


   Skills:
 + Level 5.9 Fighting
 - Level 2.8(4.0) Maces & Flails
 + Level 4.4(4.8) Staves
 + Level 5.9 Armour
 + Level 4.8 Dodging
 - Level 2.1 Stealth
 - Level 4.0 Shields
 + Level 6.6 Spellcasting
 + Level 6.4 Conjurations
 - Level 0.7 Transmutations
 + Level 9.1 Earth Magic
 + Level 4.1 Evocations


You had 6 spell levels left.
You knew the following spells:

 Your Spells              Type           Power        Failure   Level  Hunger
a - Sandblast             Erth           #####.       1%          1    None
b - Stone Arrow           Conj/Erth      #####.       1%          3    None
c - Magic Dart            Conj           ####         1%          1    None
d - Lee's Rapid Deconstr  Erth           #####.....   2%          5    #####..
e - Bolt of Magma         Conj/Fire/Erth ####......   11%         5    #####..
f - Passwall              Tmut/Erth      ####......   1%          2    None


Dungeon Overview and Level Annotations

Branches:
Dungeon (10/15)            Temple (1/1) D:6             Orc (0/2) D:10
   Lair: D:8-11

Altars:
Ashenzari
Cheibriados
Dithmenos
Elyvilon
Fedhas
Gozag
Hepliaklqana
Kikubaaqudgha
Makhleb
Nemelex Xobeh
Okawaru
Qazlal
Ru
Sif Muna
Trog
Uskayaw
Vehumet
Wu Jian
Xom
Yredelemnul
Zin
The Shining One
Lugonu

Shops:
D:5 *


Innate Abilities, Weirdness & Mutations

You are resistant to torment.
Your stone body is resilient. (AC +8)
You are immune to poison.
You resist negative energy. (rN+)
You are resistant to electric shocks. (rElec)
You can survive without breathing.
You are immune to petrification.
You are immune to rotting.


Message History

You block the orange demon's attack. The starspawn tentacle grabs you.
* * * LOW HITPOINT WARNING * * *
The starspawn tentacle constricts you.
The starspawn tentacle's grasp on you weakens, but your attempt to escape fails.
The thrashing horror barely misses you.
You block the thrashing horror's attack.
The starspawn tentacle loses its grip on you.
The tentacle pulls you backwards! The orange demon closely misses you.
The orange demon misses you. The starspawn tentacle grabs you.
The starspawn tentacle constricts you.
The starspawn tentacle's grasp on you weakens, but your attempt to escape fails.
The thrashing horror barely misses you.
The thrashing horror tramples you but does no damage.
You block the orange demon's attack. The orange demon barely misses you.
The starspawn tentacle constricts you.
You hit the orange demon.
The orange demon is lightly wounded.
The smoke demon gestures at you. Something smites you!
You die...

. ..... .....# .
#.... ...#.# > #..
#...##....##. ##.#
##5##....#.. #
.>.###...#.....# .
.....#....x.#..#....
.........Λ3x...... #
....#..w4X# ..## .
##Xx@##...# ##.##
...##.# ##.#. .x§§#
# # #....# §.# #
....#####.# # #
###.# # #. # ##.
##..##..._ # #
#....# #.# #.#.#


You could see a tentacled starspawn, an orange demon, 3 ancient zymes, a
thrashing horror, a smoke demon, a starspawn tentacle and an iron imp.

Vanquished Creatures
  2 two-headed ogres
  Pikel (D:4)
  The ghost of letownia2 the Magician, a novice MfWz (D:4)
  The ghost of trianova the Cleaver, a novice HaFi (D:5)
  A troll (D:9)
  Prince Ribbit (D:7)
  A hippogriff (D:8)
  A human (D:8)
  A hungry ghost (D:7)
  4 hogs (D:8)
  Menkaure (D:4)
  2 sky beasts
  3 ice beasts
  An orc warrior (D:10)
  2 phantoms
  2 slaves
  A black bear (D:7)
  7 ogres
  A centaur (D:7)
  16 big kobolds
  A gnoll sergeant (D:10)
  3 bullfrogs
  A wyvern zombie (D:10)
  A water moccasin skeleton (D:8)
  2 scorpions
  A howler monkey (D:4)
  5 crimson imps
  A bullfrog zombie (D:7)
  2 hounds
  A jelly (D:9)
  A centaur skeleton (D:8)
  3 orc priests
  Ijyb (D:3)
  7 worker ants
  5 orc wizards
  10 gnolls
  A howler monkey skeleton (D:7)
  8 adders
  2 oozes
  An adder skeleton (D:4)
  2 worms
  7 leopard geckos
  34 orcs
  A ball python (D:2)
  2 giant cockroaches (D:2)
  6 goblins
  7 hobgoblins
  11 jackals
  15 kobolds
  4 quokkas
  13 bats
  3 frilled lizards (D:1)
  A jackal skeleton (D:4)
  A leopard gecko skeleton (D:6)
  9 rats
223 creatures vanquished.

Vanquished Creatures (others)
  A plant (D:10)
  A starspawn tentacle (Abyss:1)
2 creatures vanquished.

Grand Total: 225 creatures vanquished

Notes
Turn   | Place    | Note
-------+----------+-------------------------------------------
     0 | D:1      | aMcNicky the Gargoyle Earth Elementalist began the quest for the Orb.
     0 | D:1      | Reached XP level 1. HP: 10/10 MP: 3/3
   320 | D:1      | Reached XP level 2. HP: 15/15 MP: 5/5
   337 | D:1      | Reached skill level 4 in Earth Magic
   853 | D:1      | Reached XP level 3. HP: 16/19 MP: 6/6
  1433 | D:1      | Learned a level 3 spell: Stone Arrow
  1436 | D:1      | Learned a level 2 spell: Passwall
  1641 | D:2      | Reached XP level 4. HP: 24/24 MP: 6/8
  1825 | D:2      | Found a white marble altar of Elyvilon.
  1825 | D:2      | Found a snail-covered altar of Cheibriados.
  1848 | D:2      | Reached skill level 5 in Earth Magic
  2046 | D:2      | Found a faded altar of an unknown god.
  3012 | D:4      | Noticed Ijyb
  3012 | D:4      | Noticed a slave
  3012 | D:4      | Noticed a slave
  3012 | D:4      | Noticed a slave
  3012 | D:4      | Noticed letownia2's ghost (novice MfWz)
  3014 | D:4      | Noticed Pikel
  3017 | D:3      | Killed Ijyb
  3017 | D:3      | Reached XP level 5. HP: 28/28 MP: 6/10
  3112 | D:4      | Reached skill level 1 in Conjurations
  3294 | D:4      | Noticed Menkaure
  3349 | D:4      | Got a sparkling bone amulet
  3491 | D:4      | Killed Menkaure
  3491 | D:4      | Reached skill level 6 in Earth Magic
  3491 | D:4      | Reached XP level 6. HP: 26/32 MP: 5/12
  3582 | D:4      | Noticed a phantom
  3590 | D:4      | Noticed a slave
  3591 | D:4      | Killed a phantom
  3591 | D:4      | Reached skill level 1 in Armour
  3591 | D:4      | Reached XP level 7. HP: 37/37 MP: 1/13
  4065 | D:4      | Learned a level 5 spell: Lee's Rapid Deconstruction
  4108 | D:4      | Killed letownia2's ghost
  4108 | D:4      | Reached skill level 1 in Fighting
  4108 | D:4      | Reached skill level 1 in Maces & Flails
  4108 | D:4      | Reached skill level 1 in Shields
  4265 | D:4      | Killed Pikel
  4265 | D:4      | Reached XP level 8. HP: 45/45 MP: 4/15
  4442 | D:4      | Reached skill level 7 in Earth Magic
  4582 | D:5      | Entered Level 5 of the Dungeon
  4607 | D:5      | Identified the amulet "Gapunegh" {RegenMP rC- rN++ SInv Stlth+} (You took it off an orc on level 4 of the Dungeon)
  4634 | D:5      | Found Jelaon's General Store.
  4691 | D:5      | Noticed trianova's ghost (novice HaFi)
  4705 | D:5      | Reached skill level 5 in Spellcasting
  4830 | D:5      | Killed trianova's ghost
  4830 | D:5      | Reached skill level 1 in Evocations
  4830 | D:5      | Reached XP level 9. HP: 42/51 MP: 0/16
  5102 | D:5      | Found a burning altar of Makhleb.
  5774 | D:6      | Reached skill level 1 in Staves
  6027 | D:6      | Found a staircase to the Ecumenical Temple.
  6140 | Temple   | Entered the Ecumenical Temple
  6156 | Temple   | Became a worshipper of Vehumet
  6709 | D:7      | Found a sacrificial altar of Ru.
  6882 | D:7      | Noticed Prince Ribbit
  7118 | D:7      | Killed Prince Ribbit
  7122 | D:7      | Found a bloodstained altar of Trog.
  7122 | D:7      | Found a hazy altar of Hepliaklqana.
  7215 | D:7      | Reached skill level 5 in Conjurations
  7343 | D:6      | Learned a level 5 spell: Bolt of Magma
  7506 | D:7      | Found a sparkling altar of Nemelex Xobeh.
  7538 | D:7      | Reached skill level 8 in Earth Magic
  7662 | D:7      | Found a blossoming altar of Fedhas.
  7664 | D:7      | Found an iron altar of Okawaru.
  7665 | D:7      | Found a shimmering altar of Xom.
  7690 | D:7      | Reached XP level 10. HP: 57/57 MP: 12/18
  7734 | D:7      | Found a basalt altar of Yredelemnul.
  7742 | D:7      | Reached * piety under Vehumet
  7742 | D:7      | Offered knowledge of Magic Dart by Vehumet.
  7745 | D:7      | Learned a level 1 spell: Magic Dart
  8038 | D:8      | Noticed a two-headed ogre
  8041 | D:8      | Killed a two-headed ogre
  8282 | D:8      | Reached skill level 5 in Armour
  8436 | D:8      | Reached skill level 5 in Fighting
  8484 | D:8      | Found a shattered altar of Ashenzari.
  8839 | D:8      | Noticed a kobold demonologist
  9396 | D:8      | Reached ** piety under Vehumet
  9396 | D:8      | Offered knowledge of Shock by Vehumet.
  9845 | D:9      | Noticed a two-headed ogre
  9852 | D:9      | Killed a two-headed ogre
  9852 | D:9      | Reached XP level 11. HP: 64/64 MP: 3/20
 10112 | D:9      | Reached skill level 9 in Earth Magic
 10394 | D:9      | Found an ancient bone altar of Kikubaaqudgha.
 10682 | D:10     | Entered Level 10 of the Dungeon
 11012 | D:10     | Found a staircase to the Orcish Mines.
 11078 | D:10     | Offered knowledge of Throw Flame by Vehumet.
 11556 | D:10     | Cast into level 1 of the Abyss (gnoll sergeant)
 11586 | Abyss:1  | Noticed a necromancer
 11591 | Abyss:1  | Noticed a large abomination
 11717 | Abyss:1  | Noticed a worldbinder
 11740 | Abyss:1  | Noticed a thrashing horror
 11931 | Abyss:1  | Noticed a thrashing horror
 11933 | Abyss:1  | Noticed an orb spider
 11934 | Abyss:1  | Noticed a bone dragon
 11990 | Abyss:1  | Noticed a rakshasa
 12044 | Abyss:1  | Found a snail-covered altar of Cheibriados.
 12052 | Abyss:1  | Noticed a thrashing horror
 12053 | Abyss:1  | Noticed a tentacled starspawn
 12062 | Abyss:1  | Killed from afar by a smoke demon

Skill      XL: |  1  2  3  4  5  6  7  8  9 10 11 |
---------------+----------------------------------+-----
Earth Magic    | 4 5 6 7 8 9 |  9.1
Spellcasting   | 3 4 5 6 |  6.6
Conjurations   | 2 3 4 5 6 |  6.4
Armour         | 1 2 3 4 5 |  5.9
Fighting       | 2 3 4 5 |  5.9
Maces & Flails | 2 |  2.8
Dodging        | 2 3 4 |  4.8
Shields        | 2 3 4 |  4.0
Evocations     | 1 2 3 4 |  4.1
Staves         | 2 4 |  4.4
Stealth        | |  2.1
Transmutations | |  0.7

Action                   |  1- 3 |  4- 6 |  7- 9 | 10-12 || total
-------------------------+-------+-------+-------+-------++-------
Melee: Unarmed           |    60 |       |       |       ||    60
       Club              |    84 |   108 |     9 |       ||   201
       Whip              |       |       |    23 |       ||    23
       Quarterstaff      |       |       |    11 |       ||    11
       Staff             |       |       |     1 |     3 ||     4
 Cast: Sandblast         |    29 |    37 |    88 |    60 ||   214
       Stone Arrow       |       |     4 |    47 |    53 ||   104
       Lee's Rapid Decon |       |       |    10 |    13 ||    23
       Passwall          |       |       |     1 |     2 ||     3
       Magic Dart        |       |       |       |    94 ||    94
       Bolt of Magma     |       |       |       |     2 ||     2
Evoke: Wand              |       |       |       |     4 ||     4
  Use: Scroll            |       |     3 |     8 |    13 ||    24
       Potion            |       |       |       |     3 ||     3
 Stab: Sleeping          |     4 |     1 |     1 |       ||     6
  Eat: Chunk             |     3 |     4 |     9 |     3 ||    19
       Ration            |       |     1 |     3 |     4 ||     8
Armor: Robe              |   110 |    69 |    41 |    51 ||   271
Dodge: Dodged            |   159 |   100 |    61 |    65 ||   385
Block: Buckler           |       |       |     4 |    36 ||    40
